 Dungeon Crawl Stone Soup version 0.21.0-24-g2553a33 (webtiles) character file.

375 Gorglomux the Ducker (level 7, -5/46 HPs)
             Began as a Halfling Earth Elementalist on Jan 20, 2018.
             Killed by divine providence
             ... invoked by an orc priest
              (15 damage)
             ... on level 5 of the Dungeon.
             The game lasted 00:07:53 (4441 turns).

Gorglomux the Ducker (Halfling Earth Elementalist)  Turns: 4441, Time: 00:07:54

Health: -5/46      AC:  2    Str: 11    XL:     7   Next: 3%
Magic:  9/9        EV: 17    Int: 15    God:
Gold:   91         SH:  0    Dex: 15    Spells: 8/9 levels left

rFire    . . .     SeeInvis .   b - +1 dagger (venom)
rCold    . . .     Gourm    .   (shield restricted)
rNeg     . . .     Faith    .   c - +0 robe
rPois    .         Spirit   .   (no helmet)
rElec    .         Reflect  .   (no cloak)
rCorr    .         Harm     .   (no gloves)
MR       .....                  (no boots)
Stlth    ++........             (no amulet)
HPRegen  0.15/turn              (no ring)
MPRegen  0.11/turn              (no ring)

@: slowed, very slow
A: small, clever 1, mutation resistance 1
a: no special abilities


You were on level 5 of the Dungeon.
You were not hungry.

You visited 1 branch of the dungeon, and saw 5 of its levels.

You collected 91 gold pieces.

Inventory:

Hand Weapons
 a - a +0 hunting sling
 b - a +1 dagger of venom (weapon)
Missiles
 Q - 138 stones (quivered)
 Z - 10 sling bullets
Armour
 c - a +0 robe (worn)
Wands
 A - a wand of acid (4)
Scrolls
 k - a scroll of blinking {unknown}
 l - 2 scrolls of fear {unknown}
 M - 2 scrolls of magic mapping
 O - 2 scrolls of remove curse {unknown}
 P - a scroll of random uselessness {unknown}
 R - 3 scrolls of identify {unknown}
 T - a scroll of amnesia {unknown}
 X - 2 scrolls of teleportation {unknown}
Potions
 n - a potion of curing {unknown}
 o - a potion of degeneration {unknown}
 U - a potion of brilliance {unknown}
 V - a potion of resistance {unknown}
 Y - a potion of lignification {unknown}
Books
 e - a book of Geomancy

   Spells                             Type                      Level
   a - Sandblast                      Earth                        1
   b - Passwall                       Transmutation/Earth          2
   c - Stone Arrow                    Conjuration/Earth            3
   d - Petrify                        Transmutation/Earth          4
   e - Lee's Rapid Deconstruction     Earth                        5
Comestibles
 d - 2 rations
 W - 3 chunks of flesh


   Skills:
 + Level 3.1 Fighting
 + Level 2.2 Slings
 + Level 3.7 Armour
 + Level 4.5 Dodging
 - Level 2.1 Stealth
 - Level 1.5 Spellcasting
   Level 0.5 Transmutations
 - Level 3.0 Earth Magic


You had 8 spell levels left.
You knew the following spells:

 Your Spells              Type           Power        Failure   Level  Hunger
a - Sandblast             Erth           ##....       7%          1    ##.....


Dungeon Overview and Level Annotations

Branches:
Dungeon (5/15)
 Temple: D:4-7

Altars:
Wu Jian

Annotations:
D:2 Natasha
D:3 crawlian's ghost, weakling DEFE


Innate Abilities, Weirdness & Mutations

You are small and have problems with some larger weapons.
You are somewhat resistant to further mutation.
Your mind is acute. (Int +2)


Message History

Unknown command!
You spit the orc priest like a pig!
The orc priest is severely wounded!
The orc priest calls down the wrath of Beogh upon you!
Beogh smites you!!!
The orc priest butts satisfied for a moment!
Unknown command!
The orc priest invokes the aid of Beogh against you!
Beogh smites you!!! * * * don't die
* * * You annihilate the orc priest!!!
You have reached level 7!!!
The orc butt calls down the wrath of Beogh upon you!
Pain shoots through your body!!! * * * don't die
* * * It was a potion of mutation!
You feel extremely strange!
You feel butt!
The orc priest calls down the wrath of Butt upon you!
Beogh butts you!!! rip

..##...##..##.###.#
#........##.....#
##...###.####.###
##.####.# #.#
##.####......# #.#
#........###.# #.#
#..#####.# #.# #.#
#.###.## #.#
#.@o[[.# #.#
#####>.# #.# ..#
#.# #.# #.. .# .# #


You could see an orc priest.

Vanquished Creatures
  2 ogres (D:4)
  An orc priest (D:5)
  An orc wizard (D:5)
  Jessica (D:2)
  5 adders
  An ooze (D:1)
  A worm (D:2)
  A dart slug (D:1)
  3 leopard geckos
  2 orcs
  6 giant cockroaches
  4 goblins
  6 hobgoblins
  11 jackals
  5 kobolds (D:1)
  A quokka (D:4)
  A ball python (D:4)
  3 bats
  4 frilled lizards
  8 rats
67 creatures vanquished.

Notes
Turn   | Place    | Note
-------+----------+-------------------------------------------
     0 | D:1      | Gorglomux the Halfling Earth Elementalist began the quest for the Orb.
     0 | D:1      | Reached XP level 1. HP: 11/11 MP: 3/3
    31 | D:1      | Reached XP level 2. HP: 6/18 MP: 0/4
   336 | D:1      | Reached skill level 1 in Armour
   528 | D:1      | Reached skill level 1 in Fighting
   910 | D:1      | Reached XP level 3. HP: 10/23 MP: 2/5
  1695 | D:2      | Noticed Natasha
  1787 | D:2      | Noticed Jessica
  1792 | D:2      | Killed Jessica
  1792 | D:2      | Reached skill level 3 in Dodging
  1792 | D:2      | Reached XP level 4. HP: 29/29 MP: 2/6
  2144 | D:2      | Found an ornate altar of the Wu Jian Council.
  2348 | D:2      | Reached XP level 5. HP: 23/34 MP: 7/7
  3395 | D:3      | Noticed crawlian's ghost (weakling DEFE)
  3488 | D:4      | Noticed an ogre
  3508 | D:4      | Killed an ogre
  3508 | D:4      | Reached skill level 3 in Armour
  3508 | D:4      | Reached skill level 4 in Dodging
  3508 | D:4      | Reached XP level 6. HP: 41/41 MP: 8/8
  3595 | D:4      | Noticed an ogre
  3620 | D:4      | Killed an ogre
  3620 | D:4      | Reached skill level 1 in Slings
  4355 | D:5      | Entered Level 5 of the Dungeon
  4375 | D:5      | Reached skill level 3 in Fighting
  4440 | D:5      | Reached XP level 7. HP: 11/46 MP: 9/9
  4441 | D:5      | Gained mutation: Your mind is acute. (Int +2) [potion of mutation]
  4441 | D:5      | Killed from afar by an orc priest

Skill      XL: |  1  2  3  4  5  6 |
---------------+-------------------+-----
Armour         | 1 2 3 |  3.7
Fighting       | 1 2 3 |  3.1
Dodging        | 3 4 |  4.5
Slings         | 2 |  2.2
Stealth        | |  2.1
Spellcasting   | |  1.5
Transmutations | |  0.5
Earth Magic    | |  3.0

Action                   |  1- 3 |  4- 6 |  7- 9 || total
-------------------------+-------+-------+-------++-------
Melee: Unarmed           |    42 |       |       ||    42
       Dagger            |    60 |   132 |       ||   192
 Fire: Hunting sling     |       |     4 |       ||     4
 Cast: Sandblast         |    24 |     9 |       ||    33
  Use: Potion            |     1 |       |     1 ||     2
       Scroll            |     1 |       |       ||     1
 Stab: Sleeping          |     3 |     2 |       ||     5
  Eat: Chunk             |     4 |     8 |       ||    12
Armor: Robe              |    13 |     9 |       ||    22
Dodge: Dodged            |    73 |   130 |       ||   203
